Map: Catalyst LE

Players

Semper - Winner!

  • Race: Terran Terran
  • League: Master
  • Spawn Location: 5:00

puCK (Nina)

  • Race: Protoss Protoss
  • Spawn Location: 11:00

VOD

Have the link to the VOD?

Description

Time

  • Played on: Feb. 1, 2018, 7:27 p.m.
  • Length: 9:13
Show
View Real Time Build Order
Export as new Build Order

Semper Terran - Winner!

Build Orders: Gas First Reaper Expand, Liberator Opening, Reaper Expand, MMM Bio 

Get SALT Encoding   

  12  0:00  SCV  
  13  0:13  SCV  
  14  0:18  Supply Depot  
  14  0:25  SCV  
  15  0:29  Refinery  
  15  0:39  SCV  
  16  0:47  Barracks  
  16  0:51  SCV  
  17  1:03  SCV  
  18  1:15  SCV  
  19  1:33  Orbital Command  
  19  1:34  Reaper  
  20  1:52  Command Center  
  20  2:00  SCV  
  21  2:04  Factory  
  22  2:09  Barracks Reactor  
  22  2:12  SCV  
  22  2:18  Supply Depot  
  22  2:24  SCV  
  23  2:32  Refinery  
  23  2:40  SCV  
  24  2:49  Starport  
  24  2:52  SCV  
  29  2:58  Hellion x2  
  29  2:59  Barracks Tech Lab  
  29  3:04  SCV  
  30  3:06  Orbital Command  
  30  3:16  SCV  
  31  3:23  Widow Mine x2  
  31  3:24  Marine  
  36  3:27  Medivac  
  36  3:28  SCV  
  39  3:35  SCV  
  39  3:38  Supply Depot  
  39  3:40  SCV  
  41  3:44  Widow Mine  
  41  3:45  Widow Mine  
  41  3:46  Liberator  
  41  3:47  SCV  
  46  3:59  SCV  
  46  4:00  Marine  
  47  4:10  SCV  
  47  4:13  Bunker  
  47  4:15  Supply Depot, Barracks  
  48  4:18  Factory Tech Lab  
  48  4:20  SCV  
  48  4:22  Marine  
  48  4:23  Stimpack, Barracks  
  49  4:25  SCV  
  50  4:32  SCV  
  50  4:37  Supply Depot  
  51  4:39  Marine  
  52  4:47  Siege Tank  
  52  4:51  SCV, Engineering Bay  
  56  4:55  SCV  
  56  4:57  Marine  
  58  5:03  SCV  
  57  5:08  SCV  
  57  5:10  Barracks Tech Lab  
  57  5:11  Marine x2  
  57  5:13  Medivac  
  62  5:15  SCV  
  62  5:20  SCV  
  62  5:23  Marauder  
  62  5:25  Supply Depot  
  62  5:26  Supply Depot  
  62  5:27  Missile Turret, SCV, Refinery  
  63  5:29  Marine  
  63  5:30  Marine  
  63  5:31  Missile Turret  
  63  5:33  Marine  
  66  5:39  Siege Tank  
  69  5:45  Marine  
  69  5:47  Marine  
  69  5:48  Starport Reactor  
  71  5:53  SCV x2  
  73  5:58  Marine  
  73  6:02  Supply Depot, Terran Infantry Weapons Level 1  
  71  6:05  SCV  
  71  6:07  Marine, Refinery  
  71  6:08  Marauder  
  75  6:11  Supply Depot  
  75  6:17  Marine, Marauder  
  78  6:21  SCV  
  79  6:25  Marine, Factory Reactor  
  79  6:27  SCV  
  79  6:29  Marine  
  79  6:30  Supply Depot  
  79  6:32  Medivac  
  84  6:34  SCV  
  84  6:39  SCV  
  86  6:45  Marine  
  86  6:46  Marauder  
  85  6:52  Marine  
  85  6:53  Marauder  
  75  6:55  SCV  
  69  7:03  Marine, Concussive Shells  
  69  7:07  Marauder  
  68  7:10  Marine  
  68  7:14  Marauder  
  68  7:15  Widow Mine x2, Medivac x2  
  73  7:17  SCV x2  
  73  7:21  Marine  
  80  7:28  Marine x2  
  82  7:32  Command Center  
  82  7:34  Combat Shields  
  82  7:36  Marauder  
  82  7:37  Widow Mine, Barracks  
  85  7:39  Marine, Barracks  
  85  7:43  SCV x2  
  88  7:46  Marauder  
  88  7:48  Supply Depot  
  88  7:49  Supply Depot  
  88  7:51  Marine  
  91  7:55  SCV  
  91  7:57  Marauder  
  94  8:04  Widow Mine  
  96  8:06  Marine  
  96  8:08  Marine, Marauder  
  100  8:15  Widow Mine  
  100  8:18  SCV  
  100  8:19  Marauder  
  92  8:24  Marine  
  92  8:26  Marine  
  92  8:29  Marauder  
Show
View Real Time Build Order
Export as new Build Order

puCK Protoss 

Build Orders: 1 Gate Expand, Blink Stalkers, Zealot Archon, Archon Drop 

Get SALT Encoding   

  12  0:01  Probe  
  13  0:13  Probe  
  14  0:17  Pylon  
  14  0:25  Probe (Chrono Boost)  
  15  0:37  Probe (Chrono Boost)  
  15  0:39  Gateway  
  16  0:45  Probe (Chrono Boost)  
  16  0:48  Assimilator  
  17  0:51  Probe  
  18  1:03  Probe  
  19  1:15  Probe  
  20  1:26  Nexus  
  20  1:37  Cybernetics Core  
  20  1:39  Probe  
  21  1:47  Assimilator  
  21  1:52  Probe  
  22  1:58  Pylon  
  22  2:04  Probe  
  23  2:14  Warp Gate, Stalker (Chrono Boost)  
  23  2:17  Probe  
  26  2:29  Probe  
  27  2:35  Twilight Council  
  27  2:37  Stalker  
  27  2:39  Probe (Chrono Boost)  
  30  2:44  Probe (Chrono Boost)  
  32  2:51  Probe (Chrono Boost)  
  32  2:56  Probe (Chrono Boost)  
  33  2:59  Probe (Chrono Boost)  
  33  3:00  Probe (Chrono Boost)  
  35  3:06  Probe  
  35  3:07  Blink (Chrono Boost)  
  35  3:10  Probe  
  37  3:18  Probe, Gateway  
  38  3:22  Probe  
  38  3:26  Gateway  
  39  3:30  Probe  
  40  3:35  Robotics Facility  
  40  3:38  Probe  
  41  3:42  Stalker  
  41  3:44  Probe  
  44  3:52  Pylon  
  42  4:00  Probe  
  39  4:06  Probe  
  38  4:12  Probe  
  39  4:18  Probe (Chrono Boost)  
  39  4:21  Dark Shrine  
  39  4:22  Assimilator  
  39  4:23  Assimilator  
  40  4:29  Probe (Chrono Boost)  
  40  4:30  Probe (Chrono Boost)  
  42  4:33  Gateway  
  42  4:34  Observer  
  42  4:37  Probe (Chrono Boost)  
  42  4:38  Probe (Chrono Boost)  
  45  4:39  Pylon  
  45  4:46  Probe  
  45  4:48  Probe  
  37  4:56  Stalker x2  
  40  5:24  Warp Prism (Chrono Boost)  
  40  5:25  Stalker x2  
  46  5:30  Probe  
  48  5:41  Stalker  
  48  6:17  Dark Templar x3  
  54  6:22  Archon, Dark Templar  
  55  6:27  Archon  
  55  6:30  Pylon  
  54  6:50  Zealot  
  54  6:51  Zealot x2  
  44  6:56  Warp Prism (Chrono Boost)  
  44  7:00  Stalker  
  44  7:01  Stalker x3  
  50  7:14  Probe x2  
  51  7:26  Probe x2  
  53  7:33  Observer  
  53  7:38  Probe x2  
  55  7:44  Dark Templar  
  55  7:45  Stalker x3  
  55  7:50  Probe x2  
  65  8:02  Probe  
  62  8:08  Adept x3  
Tags
 
Add a new tag
Caveats
  • Supply blocks, unpowered buildings, or Contaminate may cause inaccurate times.
  • Supply counts are checked every 10 seconds.